 Dungeon Crawl Stone Soup version 0.17.2-1-ge4368a0 (webtiles) character file.

77 Goblin1989 the Insei (level 4, -5/35 HPs)
             Began as a Demonspawn Monk on Oct 15, 2016.
             Slain by a gnoll (6 damage)
             ... on level 1 of the Dungeon.
             The game lasted 00:04:06 (2156 turns).

Goblin1989 the Insei (Demonspawn Monk)              Turns: 2156, Time: 00:04:06

Health: -5/35      AC:  3    Str: 17    XL:     4   Next: 14%
Magic:  0/4        EV: 13    Int: 12    God:
Gold:   70         SH:  0    Dex: 15    Spells: 0 memorised, 3 levels left

rFire  . . .     SeeInvis .       - Unarmed
rCold  . . .     Clarity  .     a - +0 robe
rNeg   . . .     SustAt   .     (no shield)
rPois  .         Gourm    .     r - +0 helmet
rElec  .         Spirit   +     (no cloak)
rCorr  .         Warding  .     (no gloves)
rMut   .         Stasis   .     (no boots)
MR     .....                    (no amulet)
Stlth  ++........               (no ring)
                                (no ring)

@: mighty, not resistant to hostile enchantments, unstealthy
A: claws 1, talons 1, magic shield
a: no special abilities


You were on level 1 of the Dungeon.
You were not hungry.

You visited 1 branch of the dungeon, and saw 2 of its levels.

You collected 70 gold pieces.

Inventory:

Armour
 a - a +0 robe (worn)
 i - a +0 plate armour
 r - a +0 helmet (worn)
Scrolls
 c - a scroll of recharging {unknown}
 d - 3 scrolls of identify {unknown}
 g - a scroll of teleportation {unknown}
 j - a scroll of immolation {unknown}
 k - a scroll of remove curse {unknown}
 m - a scroll of fog {unknown}
 p - 2 scrolls of noise {unknown}
Potions
 e - 2 potions of might
 h - 2 potions of curing {unknown}
 l - a potion of flight {unknown}
 q - a potion of poison {unknown}
 s - 2 potions of haste {unknown}
Books
 n - a book of Enchantments

   Spells                             Type                      Level
   a - Cause Fear                     Hexes                        4
   b - Silence                        Hexes/Air                    5
   c - Deflect Missiles               Charms/Air                   6
   d - Haste                          Charms                       6
   e - Discord                        Hexes                        8
Comestibles
 b - a bread ration {@e1}
 f - 4 fruits
 o - a chunk of flesh {@w0}


   Skills:
 - Level 3.0 Fighting
 - Level 2.6 Dodging
 - Level 1.7 Stealth
 + Level 5.2 Unarmed Combat


You had 3 spell levels left.
You didn't know any spells.

Dungeon Overview and Level Annotations

Branches:
Dungeon (2/15)

Altars:


Innate Abilities, Weirdness & Mutations

You have sharp fingernails.
You have sharp toenails.
When hurt, damage is shared between your health and your magic reserves.


Message History

You completely miss the gnoll. The gnoll hits you with a club.
The gnoll hits you from afar with a halberd!
You take 12 damage, and have 18/35 hp.
MASSIVE DAMAGE!!
You now have 2/4 mp.
There is a stone staircase leading up here.
The gnoll hits you with a flail. The gnoll barely misses you.
The gnoll hits you from afar with a halberd!
* * * LOW HITPOINT WARNING * * *
You climb upwards.
There is a stone staircase leading down here.
You take 14 damage, and have 4/35 hp.
MASSIVE DAMAGE!!
You now have 0/4 mp.
The gnoll completely misses you. The gnoll hits you.
* * * LOW HITPOINT WARNING * * *
You take 3 damage, and have 1/35 hp.
There is an open door here.
Drink which item? (? for menu, Esc to quit)
It was a potion of might.
You feel very mighty all of a sudden. The gnoll hits you!
You die... ਜਜਜਜਜਜਜਜ ਜ....... ਜਜਜਜਜ ਜ....... ਜਜਜਜਜ

ਜ...ਜ ਜਜਜਜਜਜਜਜਜ....... ....ਜ
ਜਜ...ਜਜਜਜ.......ਜ.......
....ਜਜਜਜਜਜ.>..gg@∆...............
..............ਜਜਜਜ..)............
.........ਜ....ਜ ਜਜਜ......ਜਜਜਜਜਜਜ
..............ਜ ਜ......∆......
..............ਜ ਜ......ਜਜਜਜਜਜਜ
ਜ∆ਜਜਜਜ........ਜਜਜਜਜਜ......ਜਜ.....
ਜ.ਜ ਜ...........................
ਜ.ਜ ਜ....................ਜਜ.ਜ...
ਜ.ਜ ਜ.....ਜ.ਜਜਜਜਜ....ਜਜਜਜਜਜ.ਜ.ਜਜ


You could see 2 gnolls.

Vanquished Creatures
  4 adders (D:2)
  3 worms (D:2)
  3 goblins
  6 hobgoblins
  A quokka (D:2)
  A ball python (D:2)
  6 bats
  A giant newt (D:2)
  5 kobolds
  6 rats
36 creatures vanquished.

Notes
Turn   | Place    | Note
--------------------------------------------------------------
     0 | D:1      | Goblin1989 the Demonspawn Monk began the quest for the Orb.
     0 | D:1      | Reached XP level 1. HP: 18/18 MP: 1/1
   426 | D:1      | Reached skill level 4 in Unarmed Combat
   487 | D:1      | Gained mutation: You have sharp fingernails. [demonic ancestry]
   487 | D:1      | Reached XP level 2. HP: 18/24 MP: 2/2
  1220 | D:2      | Found a faded altar to an unknown god.
  1232 | D:2      | Gained mutation: You have sharp toenails. [demonic ancestry]
  1232 | D:2      | Reached XP level 3. HP: 27/29 MP: 3/3
  1872 | D:2      | Reached skill level 5 in Unarmed Combat
  1978 | D:2      | Gained mutation: When hurt, damage is shared between your health and your magic reserves. [demonic ancestry]
  1978 | D:2      | Reached XP level 4. HP: 31/35 MP: 4/4
  2152 | D:1      | HP: 1/35 [gnoll (3)]
  2156 | D:1      | Slain by a gnoll

Action                   |  1- 3 |  4- 6 || total
-------------------------+-------+-------++-------
Melee: Unarmed           |   113 |    15 ||   128
  Use: Potion            |       |     1 ||     1
 Stab: Sleeping          |     3 |       ||     3
  Eat: Chunk             |     3 |     1 ||     4

Vault maps used:
D:1:      minmay_arrival_arboretum_small
D:2:      first_bread, ecumenical_altar_2
